 Dungeon Crawl Stone Soup version 0.31-a0-319-g4fced400ed (webtiles) character file.

Game seed: 4950138857955081530

1809877 PaperRat the Marksfrog (level 27, 179/201 HPs)
             Began as a Barachi Shapeshifter on July 17, 2023.
             Was an Elder of Hepliaklqana.
             Escaped with the Orb
             ... and 3 runes!
             The game lasted 04:55:44 (57827 turns).

PaperRat the Marksfrog (Barachi Shapeshifter)      Turns: 57827, Time: 04:55:45

Health: 179/201    AC: 26    Str: 16    XL:     27
Magic:  46/46      EV: 38    Int: 22    God:    Hepliaklqana [****..]
Gold:   1278       SH:  0    Dex: 22    Spells: 11/38 levels left

rFire   + . .        a - +6 longbow (heavy)
rCold   + + .        (shield currently unavailable)
rNeg    + . .        i - +3 leather armour {rPois}
rPois   +            o - +2 helmet {Int+3}
rElec   +            O - +2 cloak {Will+}
rCorr   +            w - +2 pair of gloves
SInv    .            f - +5 pair of boots "Zehugh" {Rampage Drain Int+3}
Will    +++..        m - amulet of Day {Faith rC+ rN+}
Stlth   ++           U - ring "Odwyikk" {rElec rF+ rCorr MP+9, =R}
HPRegen 0.53/turn    J - ring of the Hare {EV+10}
MPRegen 0.30/turn

%: rampage, faith
@: studying 5 skills, slow
A: reduced essence, amphibious, slowness 1, strong legs 2, +LOS, clever 1, cold
resistance 1
0: Orb of Zot
}: 3/15 runes: decaying, serpentine, slimy
a: Hop, Renounce Religion, Recall Ancestor, Ancestor Identity, Transference,
Idealise


You escaped.
You worshipped Hepliaklqana.
Hepliaklqana was greatly pleased with you.
You visited 11 branches of the dungeon, and saw 52 of its levels.
You also visited: Sewer, Ice Cave, Volcano and Desolation.

You collected 7769 gold pieces.
You spent 6491 gold pieces at shops.

Inventory:

Hand Weapons
 a - a +6 heavy longbow (weapon)
Missiles
 F - 20 curare-tipped darts (quivered)
 S - a throwing net {!f}
Armour
 f - the +5 pair of boots "Zehugh" (worn) {Rampage Drain Int+3}
   (You found it on level 2 of the Elven Halls)

   Int:       It affects your intelligence (+3).
   Drain:     It drains your maximum health when unequipped.
   Rampage:   It bestows one free step when moving towards enemies.
 i - a +3 leather armour of poison resistance (worn)
 o - a +2 helmet of intelligence (worn)
 w - a +2 pair of gloves (worn)
 L - a +2 cloak of poison resistance
 N - a +3 leather armour of resistance
 O - a +2 cloak of willpower (worn)
Jewellery
 m - the amulet of Day (around neck) {Faith rC+ rN+}
   (You found it on level 2 of the Depths)

   [amulet of faith]

   It allows you to gain divine favour quickly.
   rC:        It protects you from cold.
   rN:        It protects you from negative energy.
 H - the ring "Haqucsua" {rF+ AC+4}
   (You found it in the Desolation of Salt)

   [ring of protection]

   AC:        It affects your AC (+4).
   rF:        It protects you from fire.
 J - the ring of the Hare (right hand) {EV+10}
   (You found it in the Desolation of Salt)

   [ring of evasion]

   EV:        It affects your evasion (+10).
 U - the ring "Odwyikk" (left hand) {rElec rF+ rCorr MP+9, =R}
   (You took it off a hell knight on level 1 of the Depths)

   [ring of protection from fire]

   rF:        It protects you from fire.
   rElec:     It insulates you from electricity.
   MP:        It affects your magic capacity (+9).
   rCorr:     It protects you from acid and corrosion.
 X - the ring "Anaphe" {Fly rC+ Will+}
   (You took it off a hell knight on level 1 of the Depths)

   [ring of willpower]

   rC:        It protects you from cold.
   Fly:       It grants you flight.
   Will:      It increases your willpower.
 Y - the ring "Qokul" {*Slow +Blink rN++ Str+6 SInv}
   (You found it on level 2 of the Snake Pit)

   [ring of strength]

   Str:       It affects your strength (+6).
   rN:        It greatly protects you from negative energy.
   SInv:      It lets you see invisible.
   +Blink:    It lets you blink.
   *Slow:     It may slow you when you take damage.
Wands
 b - a wand of iceblast (61)
 c - a wand of quicksilver (6)
 d - a wand of digging (12)
 n - a wand of charming (24)
 z - a wand of mindburst (10)
Scrolls
 g - 17 scrolls of teleportation {@r3}
 p - 5 scrolls of vulnerability
 s - 8 scrolls of enchant armour
 u - 3 scrolls of immolation
 x - 7 scrolls of fog {@r2}
 A - 2 scrolls of poison
 E - 8 scrolls of blinking {@r5}
 K - 2 scrolls of butterflies {@r6}
 M - 6 scrolls of fear {@r4}
 T - 2 scrolls of silence
Potions
 h - 6 potions of mutation {@q7}
 l - 9 potions of brilliance {@q5}
 r - 4 potions of ambrosia
 t - 6 potions of lignification
 v - 16 potions of curing {@q1}
 y - 3 potions of enlightenment {@q6}
 C - 10 potions of heal wounds {@q2}
 D - 6 potions of resistance
 I - 6 potions of magic
 P - 7 potions of haste {@q4}
 Q - 4 potions of invisibility
 R - 6 potions of cancellation
Miscellaneous
 B - a phantom mirror
 V - a lightning rod (4/4)
 Z - a phial of floods


   Skills:
 - Level 20.0 Fighting
 - Level 20.0 Ranged Weapons
 - Level 18.0 Armour
 - Level 20.0 Dodging
 + Level 13.3 Stealth
 - Level 2.4 Unarmed Combat
 - Level 6.0 Spellcasting
 - Level 12.0 Hexes
 - Level 18.0 Translocations
 - Level 12.0 Transmutations
 - Level 4.0 Earth Magic
 - Level 20.0 Invocations
 - Level 20.0 Evocations
 - Level 3.2 Shapeshifting


You had 11 spell levels left.
You knew the following spells:

 Your Spells              Type           Power      Damage    Failure   Level
a - Passage of Golubria   Tloc           72%        N/A       1%          4
b - Portal Projectile     Hex/Tloc       100%       N/A       1%          3
c - Dispersal             Tloc           36%        N/A       1%          6
d - Cause Fear            Hex            28%        N/A       1%          4
f - Yara's Violent Unrav  Hex/Tmut       28%        3d12      1%          5
g - Passwall              Tmut/Erth      34%        N/A       1%          2
t - Blink                 Tloc           100%       N/A       0%          2
z - Apportation           Tloc           100%       N/A       0%          1

Your spell library contained the following spells:

 Spells                   Type           Power      Damage    Failure   Level
 Lesser Beckoning         Tloc           100%       N/A       0%          2
 Sandblast                Erth           48%        2d12      1%          1
 Slow                     Hex            100%       N/A       1%          1
 Momentum Strike          Conj/Tloc      92%        3d10      1%          2
 Wereblood                Tmut           56%        N/A       1%          2
 Confusing Touch          Hex            56%        N/A       1%          3
 Gell's Gravitas          Tloc           72%        N/A       1%          3
 Teleport Other           Tloc           72%        N/A       1%          3
 Tukima's Dance           Hex            56%        N/A       1%          3
 Vhi's Electric Charge    Tloc/Air       92%        N/A       1%          3
 Volatile Blastmotes      Fire/Tloc      92%        2d17      1%          3
 Dazzling Flash           Conj/Hex       66%        N/A       2%          3
 Iskenderun's Mystic Bla  Conj/Tloc      46%        2d10      2%          4
 Leda's Liquefaction      Hex/Erth       20%        N/A       3%          4
 Ignite Poison            Fire/Tmut/Pois 24%        N/A       6%          3
 Fulminant Prism          Conj/Hex       16%        3d10      9%          4
 Freeze                   Ice            24%        1d4       10%         1
 Kiss of Death            Conj/Necr      24%        2d7       10%         1
 Magic Dart               Conj           24%        1d4       10%         1
 Necrotise                Necr           24%        1d5       10%         1
 Summon Small Mammal      Summ           24%        N/A       10%         1
 Stone Arrow              Conj/Erth      30%        3d8       13%         3
 Call Imp                 Summ           12%        N/A       16%         2
 Cigotuvi's Dreadful Rot  Necr/Pois/Air  12%        N/A       16%         2
 Scorch                   Fire           12%        2d6       16%         2
 Static Discharge         Conj/Air       12%        2-3/arc   16%         2
 Irradiate                Conj/Tmut      16%        3d17      24%         5
 Metabolic Englaciation   Hex/Ice        16%        N/A       24%         5
 Silence                  Hex/Air        16%        N/A       24%         5
 Summon Mana Viper        Hex/Summ       33%        N/A       24%         5
 Call Canine Familiar     Summ           6%         N/A       30%         3
 Hailstorm                Conj/Ice       6%         3d4       30%         3
 Mephitic Cloud           Conj/Pois/Air  6%         N/A       30%         3
 Ozocubu's Armour         Ice            6%         N/A       30%         3
 Swiftness                Air            6%         N/A       30%         3
 Vampiric Draining        Necr           6%         2d6       30%         3
 Animate Armour           Summ/Erth      30%        N/A       41%         4
 Lee's Rapid Deconstruct  Erth           12%        3d8*      47%         5
 Enfeeble                 Hex            28%        N/A       52%         7
 Airstrike                Air            3%         2d(1-17)  69%         4
 Animate Dead             Necr           6%         N/A       69%         4
 Dispel Undead            Necr           6%         3d8       69%         4
 Flame Wave               Conj/Fire      6%         2d5       69%         4
 Olgreb's Toxic Radiance  Pois           6%         N/A       69%         4
 Summon Ice Beast         Ice/Summ       6%         N/A       69%         4
 Summon Lightning Spire   Summ/Air       6%         N/A       69%         4
 Borgnjor's Vile Clutch   Necr/Erth      7%         N/A       77%         5
 Agony                    Necr           6%         N/A       95%         5
 Arcjolt                  Conj/Air       3%         1d13      95%         5
 Fireball                 Conj/Fire      3%         3d4       95%         5
 Freezing Cloud           Conj/Ice/Air   3%         6-21      95%         5
 Iskenderun's Battlesphe  Conj           6%         2d6       95%         5
 Discord                  Hex            28%        N/A       99%         8
 Death Channel            Necr           3%         N/A       100%        6
 Leda's Unmaking          Conj/Erth      7%         9d2       100%        6
 Simulacrum               Ice/Necr       3%         N/A       100%        6
 Summon Cactus Giant      Summ           3%         N/A       100%        6
 Haunt                    Necr/Summ      3%         N/A       100%        7
 Monstrous Menagerie      Summ           3%         N/A       100%        7
 Spellforged Servitor     Conj/Summ      3%         N/A       100%        7
 Borgnjor's Revivificati  Necr           3%         N/A       100%        8
 Ignition                 Fire           3%         3d4       100%        8
 Lehudib's Crystal Spear  Conj/Erth      7%         10d3      100%        8
 Maxwell's Capacitive Co  Air            3%         ∞         100%        8
 Death's Door             Necr           3%         N/A       100%        9
 Dragon's Call            Summ           3%         N/A       100%        9


Dungeon Overview and Level Annotations

Branches:
Dungeon (15/15)            Temple (1/1) D:6            Lair (5/5) D:11
  Swamp (4/4) Lair:2        Snake (4/4) Lair:3        Slime (5/5) Lair:4
    Orc (2/2) D:11            Elf (3/3) Orc:2        Vaults (4/5) D:13
  Crypt (0/3) Vaults:3     Depths (4/4) D:15            Zot (5/5) Depths:4
  Sewer (visited)           IceCv (visited)         Volcano (visited)
Desolation (visited)

Altars:
Ashenzari
Cheibriados
Dithmenos
Elyvilon
Fedhas
Gozag
Hepliaklqana
Kikubaaqudgha
Makhleb
Nemelex Xobeh
Okawaru
Qazlal
Ru
Sif Muna
Trog
Uskayaw
Vehumet
Wu Jian
Xom
Yredelemnul
Zin
The Shining One
Jiyva

Shops:
D:1 !   D:4 :   D:7 :   D:10 *   Orc:1 [   Orc:2 ::[!   Elf:1 *==:
Vaults:4 ***

Portals:
Hell: Depths:1 Depths:2 Depths:3 Depths:4
Abyss: Depths:3
Pandemonium: Depths:1 Depths:2 Depths:3

Annotations:
Elf:2 3 runed translucent doors
Depths:3 3 runed translucent doors, Qemnul's ghost, veteran MfIE
Zot:3 2 transporters, exclusion: obsidian statue
Zot:5 1 runed translucent door, Mikey69's ghost, legendary DsBe


Innate Abilities, Weirdness & Mutations

Your life essence is reduced to manifest your ancestor. (-10% HP)
You are amphibious.
You cover ground slowly.
You can hop long distances.
You have an extended range of vision and can be seen from far away.
Your mind is acute. (Int +4, Str/Dex -1)
Your flesh is cold resistant. (rC+)


Message History

The Hell Sentinel gestures at you.
The sphere of damnation explodes!
The damnation engulfs you!!
You shoot an arrow. The arrow hits the Hell Sentinel!
The Hell Sentinel is lightly wounded.
The Hell Sentinel completely misses you.
The Hell Sentinel hits you but does no damage.
You shoot an arrow. The arrow hits the Hell Sentinel!!!
The Hell Sentinel is heavily wounded.
Shab hits the Hell Sentinel with a +0 antimagic quick blade.
The Hell Sentinel's magic leaks into the air.
Shab hits the Hell Sentinel but does no damage.
The Hell Sentinel falters for a moment.
Shab hits the Hell Sentinel with a +0 antimagic quick blade.
The Hell Sentinel's magic leaks into the air.
Shab hits the Hell Sentinel but does no damage.
You no longer drain nearby creatures when transferring your ancestor.
You shoot an arrow. The arrow hits the Hell Sentinel!
The Hell Sentinel is severely wounded.
Shab hits the Hell Sentinel with a +0 antimagic quick blade.
The Hell Sentinel's magic leaks into the air.
Shab hits the Hell Sentinel but does no damage.
The Hell Sentinel falters for a moment.
Shab hits the Hell Sentinel but does no damage. x2
You shoot an arrow. The arrow hits the Hell Sentinel!
The Hell Sentinel is almost dead.
Shab mumbles some strange words.
Shab seems to speed up.
The Hell Sentinel misses you.
The Hell Sentinel completely misses you.
You shoot an arrow. The arrow hits the Hell Sentinel!!
The Hell Sentinel is almost dead.
Shab hits the Hell Sentinel but does no damage. x2
Shab completely misses the Hell Sentinel.
Shab hits the Hell Sentinel but does no damage.
The Hell Sentinel falters for a moment.
Shab hits the Hell Sentinel with a +0 antimagic quick blade.
The Hell Sentinel dies!
There is an open door here.
There is a staircase leading out of the dungeon here.
You have escaped!

##################
#.................
#.################
#.................
#R################
#@.[..............
##################
#.# ##+ #.# ##..
##.# ##... ##..#
##....
##...####.....
#.............
#.............


You could see the friendly Shab the hexer (fast).

Vanquished Creatures
  the Royal Jelly (Slime:5)
  A dread lich (Zot:5)
  2 orbs of fire
  A juggernaut (Depths:1)
  Vv (Depths:2)
  Saint Roka (Vaults:4)
  Xtahua (Depths:4)
  8 Killer Klowns
  2 caustic shrikes (Depths:2)
  A curse toe (Zot:5)
  Nikola (Depths:2)
  4 golden dragons
  4 electric golems
  Rupert (D:14)
  Mlioglotl (Swamp:3)
  An Ice Fiend (IceCv)
  7 tentacled monstrosities
  Asterion (Elf:3)
  3 liches
  20 Orb Guardians (Zot:5)
  2 deep elf blademasters (Elf:3)
  6 quicksilver dragons
  2 deep elf master archers (Elf:3)
  15 acid blobs
  An Executioner (Zot:1)
  5 death cobs
  Aizul (Vaults:1)
  A sphinx (Depths:3)
  3 nagarajas
  3 tengu reavers
  6 shadow dragons
  7 draconian monks
  7 storm dragons
  6 deep elf sorcerers
  A draconian knight (Zot:4)
  7 azure jellies
  4 rockslimes
  10 fire giants
  2 iron dragons
  9 vault wardens
  7 frost giants
  2 ghost moths (Zot:4)
  6 draconian scorchers
  An imperial myrmidon (Desolation)
  A draconian stormcaller (Zot:2)
  Louise (Swamp:3)
  4 deep elf elementalists (Elf:3)
  4 draconian shifters
  10 ironbound preservers
  6 formless jellyfish
  5 orc warlords
  A war gargoyle (Vaults:2)
  2 spriggan defenders
  9 very ugly things
  5 draconian annihilators
  9 quicksilver oozes
  15 stone giants
  9 black draconians
  4 ironbound thunderhulks
  Nessos (Orc:2)
  4 vampire knights
  2 eleionomae
  5 purple draconians
  5 deep elf demonologists (Elf:3)
  A lorocyproca (D:1)
  A bunyip (Swamp:4)
  7 green draconians
  6 deep elf annihilators
  9 dire elephants
  15 yellow draconians
  10 white draconians
  A halazid warlock (Desolation)
  7 spark wasps
  3 deep elf death magi (Elf:3)
  9 red draconians
  10 ettins
  9 fire dragons
  3 crystal guardians
  An ettin (shapeshifter) (Depths:2)
  11 yaktaur captains
  4 entropy weavers
  2 jiangshi (Depths:1)
  5 ragged hierophants (Desolation)
  3 deep elf high priests
  7 peacekeepers
  6 rakshasas
  6 great orbs of eyes
  4 vault guards
  17 hydras
  A salamander tyrant (Snake:4)
  2 ogre magi
  5 servants of whispers (Desolation)
  2 caustic shrike simulacra (IceCv)
  10 centaur warriors
  2 spriggan air magi
  6 anacondas
  14 ice dragons
  6 alligators
  A ghost crab (Swamp:2)
  12 two-headed ogres
  4 boulder beetles
  7 ironbound frosthearts
  17 dancing weapons
  6 deep troll shamans
  9 naga warriors
  3 orc high priests (Orc:2)
  7 tengu warriors
  2 deep troll earth magi
  4 vampire magi
  4 shock serpents
  20 naga sharpshooters
  A titan zombie (Vaults:3)
  7 death yaks
  17 hell knights
  7 deep elf knights
  6 spriggan berserkers
  A skyshark (Lair:5)
  A sun demon (D:2)
  A fire crab (shapeshifter) (Elf:1)
  2 salamander mystics
  9 iron trolls
  2 fire crabs (Swamp:4)
  5 spriggan druids
  36 deep trolls
  2 flayed ghosts
  An orb spider (shapeshifter) (Elf:1)
  8 glowing orange brains
  5 naga ritualists
  8 bog bodies
  2 obsidian statues (IceCv)
  8 swamp dragons
  5 goliath frogs
  A golden dragon zombie (Vaults:3)
  11 lindwurms
  14 orc knights
  5 wizards
  A spriggan simulacrum (IceCv)
  18 deep elf zephyrmancers
  7 deep elf archers
  7 mana vipers
  18 deep elf pyromancers
  13 ironbound convokers
  3 oklob plants
  23 ugly things
  16 moths of wrath
  9 orc sorcerers
  A tengu skeleton (Vaults:3)
  2 will-o-the-wisps
  A shadow dragon skeleton (Depths:1)
  11 necromancers
  13 salamanders
  10 elephants
  3 guardian serpents
  4 manticores
  3 shining eyes
  3 cyclopes
  A water nymph (Swamp:3)
  3 molten gargoyles
  34 black mambas
  10 vault sentinels
  A torpor snail (shapeshifter) (Depths:1)
  A frost giant skeleton (Vaults:3)
  2 smoke demons
  18 naga magi
  An eye of devastation (Slime:5)
  6 rime drakes
  A water nymph (shapeshifter) (Depths:1)
  2 gargoyles
  22 cane toads
  An unseen horror (D:11)
  2 hellions
  An elf skeleton (Vaults:3)
  Maggie (D:6)
  27 yaktaurs
  The ghost of BorgnjorsVileCrotch the Insei, a novice OpSh (D:5)
  2 tormentors
  An efreet (D:15)
  8 komodo dragons
  9 freezing wraiths
  A golden dragon simulacrum (IceCv)
  4 tengu conjurers
  2 ice devils
  2 red devils (Depths:1)
  A polar bear (shapeshifter) (D:15)
  5 trolls
  6 bloated husks
  3 meliai (D:8)
  8 tyrant leeches
  A wind drake (Snake:2)
  8 hornets
  A polar bear (Lair:4)
  38 saltlings
  10 blink frogs
  2 spriggan zombies (Depths:1)
  81 slime creatures
  A hexer (Vaults:1)
  Sigmund (D:5)
  A slime creature (shapeshifter) (Depths:4)
  A spriggan (shapeshifter) (Depths:1)
  A shadow (D:11)
  A dire elephant simulacrum (IceCv)
  33 yaks
  4 spriggans
  3 air elementals
  6 wyverns
  A large abomination (Zot:1)
  Eustachio (D:6)
  9 basilisks
  6 wraiths
  2 hogs (Snake:4)
  7 water elementals
  3 vampires
  2 fire elementals
  7 golden eyes
  2 chaos spawn
  8 steam dragons
  17 vampire mosquitoes
  24 nagas
  4 redbacks (Vaults:2)
  5 acid dragons
  14 swamp worms
  5 wargs
  12 water moccasins
  2 floating eyes (Depths:1)
  4 hydra simulacra (IceCv)
  2 human skeletons (Vaults:3)
  34 orc warriors
  3 ice beasts
  2 black bears
  2 ettin simulacra (IceCv)
  A sky beast (D:7)
  A sky beast (shapeshifter) (Elf:1)
  8 swamp drakes
  An alligator simulacrum (IceCv)
  9 boggarts
  8 ogres
  19 wolves
  10 centaurs
  Blork the orc (D:5)
  A kobold brigand (D:8)
  19 bullfrogs
  3 gnoll sergeants
  5 scorpions
  An earth elemental (Elf:2)
  A deep troll simulacrum (IceCv)
  13 wights
  A water moccasin skeleton (D:5)
  A killer bee (D:9)
  5 howler monkeys
  An electric eel (Lair:2)
  A bullfrog zombie (D:5)
  3 lava snakes
  16 orc priests
  4 jellies
  A gnoll bouda (D:6)
  4 hounds
  An iron imp (D:9)
  8 iguanas
  A sleepcap (D:4)
  24 orc wizards
  9 hell rats (Lair:4)
  A boggart simulacrum (D:14)
  Robin (D:4)
  11 gnolls
  6 river rats
  11 adders
  2 shadow imps
  A white imp (D:7)
  3 worms
  3 dart slugs
  109 orcs
  13 endoplasms
  10 giant cockroaches
  26 goblins
  18 hobgoblins
  3 jackals (D:4)
  18 kobolds
  9 quokkas
  11 ball pythons
  2 bats (D:1)
  8 frilled lizards
  31 rats
1946 creatures vanquished.

Vanquished Creatures (collateral kills)
  Tiamat (Zot:5)
  4 orbs of fire (Zot:5)
  A juggernaut (Depths:3)
  Parghit (Depths:4)
  4 Killer Klowns
  A curse toe (Zot:4)
  The ghost of Ehaeru the Pyromancer, a veteran MeCj of Gozag (Vaults:3)
  2 golden dragons
  A lich (Depths:3)
  4 tentacled monstrosities
  Jorgrun (Swamp:1)
  A titan (Depths:2)
  2 Hell Sentinels
  6 Orb Guardians (Zot:5)
  A walking earthen tome (Depths:3)
  2 quicksilver dragons
  2 acid blobs (Slime:5)
  2 death cobs (Zot:3)
  Kirke (Snake:4)
  2 shadow dragons
  2 storm dragons
  Gastronok (Lair:1)
  An azure jelly (Slime:5)
  A draconian monk (Zot:4)
  3 nagarajas
  A fenstrider witch (Swamp:4)
  2 draconian knights
  A fire giant (Depths:4)
  2 deep elf sorcerers
  2 vault wardens
  An iron dragon (Depths:1)
  A ghost moth (Zot:4)
  A draconian shifter (Zot:3)
  A draconian stormcaller (Depths:4)
  A spriggan defender (Depths:4)
  6 very ugly things
  2 stone giants
  A cacodemon (Depths:3)
  4 quicksilver oozes (Slime:5)
  2 ironbound preservers
  2 ironbound thunderhulks
  3 eleionomae
  5 green draconians
  A dire elephant (D:15)
  A white draconian (Zot:3)
  2 red draconians
  A deep elf annihilator (Elf:2)
  2 purple draconians
  2 black draconians
  5 yellow draconians
  2 ettins (Depths:4)
  3 fire dragons
  A shambling mangrove (Swamp:3)
  3 servants of whispers
  2 ice dragons (Depths:2)
  A peacekeeper (Desolation)
  An ogre mage (Vaults:3)
  3 hydras
  2 hell beasts
  An ironbound frostheart (Vaults:1)
  A dancing weapon (Elf:1)
  2 two-headed ogres (D:11)
  2 centaur warriors (Vaults:2)
  A tengu warrior (D:15)
  2 alligators
  2 spriggan berserkers
  A deep troll shaman (Depths:1)
  2 death yaks
  4 deep troll earth magi
  2 naga warriors (Snake:3)
  2 hell knights
  5 naga sharpshooters
  A salamander mystic (Snake:4)
  A sixfirhy (Depths:3)
  2 goliath frogs
  7 deep trolls
  A swamp dragon (Swamp:4)
  A flayed ghost (Depths:3)
  2 wizards
  A spriggan simulacrum (IceCv)
  2 deep elf archers (Elf:2)
  3 deep elf zephyrmancers
  2 ironbound convokers (Vaults:3)
  6 deep elf pyromancers
  A will-o-the-wisp (Swamp:1)
  7 ugly things
  2 cyclopes (D:11)
  An orc sorcerer (Orc:2)
  A manticore (D:13)
  4 elephants
  3 moths of wrath
  A water nymph (Swamp:3)
  2 large abominations (Zot:1)
  6 black mambas
  A guardian serpent (Desolation)
  A naga mage (Snake:1)
  5 cane toads
  2 komodo dragons (Lair:4)
  2 yaktaurs
  A tengu conjurer (Depths:3)
  A tyrant leech (Swamp:3)
  4 hornets
  4 saltlings (Desolation)
  2 blink frogs (Lair:3)
  18 slime creatures
  10 yaks
  An air elemental (Elf:1)
  5 spriggans
  3 wyverns
  A hog (Snake:4)
  2 wargs
  2 vampire mosquitoes (D:12)
  3 nagas
  2 swamp worms
  4 water moccasins
  4 orc warriors
  An ettin simulacrum (IceCv)
  A boggart (D:15)
  An ice beast (D:8)
  An ogre (Vaults:3)
  3 wolves
  A kobold brigand (D:9)
  4 bullfrogs
  2 wights
  A howler monkey (D:8)
  2 orc priests
  2 orc wizards
  3 gnolls (D:9)
  7 orcs
  2 kobolds
311 creatures vanquished.

Vanquished Creatures (others)
  A green draconian (Zot:4)
  A yellow draconian (Zot:1)
  A fire dragon (Depths:3)
  A hydra (Swamp:4)
  2 anacondas (Snake:4)
  A deep troll earth mage (Depths:2)
  A deep troll (Depths:2)
  A deep elf zephyrmancer (Elf:2)
  A swamp worm (Swamp:2)
  A swamp drake (Swamp:4)
  2 ancestors
  57 hexers
  An orc wizard (D:5)
  6 foxfires
77 creatures vanquished.

Grand Total: 2334 creatures vanquished

Notes
Turn   | Place    | Note
-------+----------+-------------------------------------------
     0 | D:1      | PaperRat the Barachi Shapeshifter began the quest for the
                  | Orb.
     0 | D:1      | Reached XP level 1. HP: 17/17 MP: 1/1
    91 | D:1      | Found Fulagauk's Distillery.
   327 | D:1      | Reached skill level 1 in Stealth
   353 | D:1      | Reached XP level 2. HP: 18/23 MP: 2/2
   403 | D:1      | You fall into a shaft and drop 1 floor!
   552 | D:2      | Reached XP level 3. HP: 28/28 MP: 3/3
   559 | D:2      | Reached skill level 1 in Ranged Weapons
   795 | D:1      | Reached XP level 4. HP: 34/34 MP: 4/4
   815 | D:1      | Bought a potion of curing for 30 gold pieces
   899 | D:1      | Bought a potion of heal wounds for 50 gold pieces
  1417 | D:1      | Bought a potion of degeneration for 10 gold pieces
  1418 | D:1      | Gained mutation: Your flesh is cold resistant. (rC+)
                  | [potion of mutation]
  1418 | D:1      | Gained mutation: Your muscles are strong. (Str +4, Int/Dex
                  | -1) [potion of mutation]
  1418 | D:1      | Gained mutation: You have hidden genetic potential. [potion
                  | of mutation]
  1915 | D:3      | Found a faded altar of an unknown god.
  1925 | D:3      | Got Plato's Tome of Geomancy
  2034 | D:3      | Noticed a scorpion
  2045 | D:3      | Killed a scorpion
  2046 | D:3      | Reached XP level 5. HP: 32/41 MP: 5/5
  2053 | D:3      | Gained mutation: Your spells are a little harder to cast,
                  | but a little more powerful. [hidden potential]
  2121 | D:3      | Found a hide-covered altar of Uskayaw.
  2533 | D:4      | Noticed Robin
  2740 | D:4      | Found Puthresol's Self-Improvement Boutique.
  2760 | D:4      | Reached XP level 6. HP: 47/47 MP: 6/6
  2802 | D:4      | Reached skill level 5 in Ranged Weapons
  2802 | D:4      | Gained mutation: You are agile. (Dex +4, Str/Int -1)
                  | [hidden potential]
  2802 | D:4      | Lost mutation: You have hidden genetic potential. [hidden
                  | potential expressed]
  3098 | D:4      | Found a glowing drain.
  3103 | Sewer    | Entered a sewer
  3343 | Sewer    | Reached skill level 1 in Evocations
  3520 | D:4      | Reached XP level 7. HP: 50/52 MP: 7/7
  3537 | D:4      | Found a shimmering altar of Xom.
  3542 | D:4      | Found a shimmering altar of Xom.
  3542 | D:4      | Found a burning altar of Makhleb.
  3543 | D:4      | Found a basalt altar of Yredelemnul.
  3543 | D:4      | Found a burning altar of Makhleb.
  3543 | D:4      | Found a sacrificial altar of Ru.
  3941 | D:4      | Killed Robin
  4137 | D:5      | Entered Level 5 of the Dungeon
  4151 | D:5      | Noticed BorgnjorsVileCrotch's ghost (novice OpSh)
  4152 | D:5      | Found a transporter.
  4153 | D:5      | Found a transporter.
  4329 | D:5      | Found a glowing silver altar of Zin.
  4380 | D:5      | Noticed Sigmund
  4382 | D:5      | Killed Sigmund
  4383 | D:5      | Reached XP level 8. HP: 60/60 MP: 8/8
  4614 | D:1      | Bought a potion of resistance for 100 gold pieces
  5042 | D:5      | Noticed Blork the orc
  5051 | D:5      | Killed Blork the orc
  5215 | D:5      | Killed BorgnjorsVileCrotch's ghost
  5347 | D:6      | Noticed Eustachio
  5369 | D:6      | Killed Eustachio
  5370 | D:6      | Reached skill level 10 in Ranged Weapons
  5370 | D:6      | Reached XP level 9. HP: 65/66 MP: 9/9
  5432 | D:6      | Noticed Maggie
  5437 | D:6      | Killed Maggie
  5443 | D:6      | Reached skill level 5 in Fighting
  5500 | D:6      | Reached skill level 1 in Armour
  6101 | D:6      | Identified the +2 sling "Cukkaebb" {drain, rCorr Dex+3
                  | Stlth-}
  6282 | D:6      | Found a staircase to the Ecumenical Temple.
  6292 | Temple   | Entered the Ecumenical Temple
  6300 | Temple   | Became a worshipper of Hepliaklqana the Forgotten
  6534 | D:6      | Reached XP level 10. HP: 77/77 MP: 10/10
  6605 | D:6      | Found a staircase to the Ecumenical Temple.
  7014 | D:7      | Found a glowing golden altar of the Shining One.
  7523 | D:7      | Found Lexaumpa's Vocational Training.
  7570 | D:7      | Reached * piety under Hepliaklqana
  7815 | D:7      | Noticed a two-headed ogre
  7822 | D:7      | Killed a two-headed ogre
  7823 | D:7      | Reached skill level 5 in Armour
  8012 | D:1      | Bought 2 potions of cancellation for 160 gold pieces
  8233 | D:8      | Reached skill level 5 in Dodging
  8233 | D:8      | Reached skill level 5 in Evocations
  8816 | D:8      | Reached XP level 11. HP: 77/77 MP: 11/11
  9239 | D:8      | Reached ** piety under Hepliaklqana
  9240 | D:8      | Remembered your ancestor Shab as a hexer
  9383 | D:9      | Found a snail-covered altar of Cheibriados.
  9731 | D:9      | Identified the +1 plate armour "Noink" {rElec Int+2 Dex-3
                  | Stlth+}
  9736 | D:9      | Identified the +6 shortbow "Biepli" {flame, Will+ Str+2}
  9739 | D:9      | Identified the +2 ice dragon scales of Ofroth {Harm rF-
                  | rC++ Str+2}
 10202 | D:10     | Entered Level 10 of the Dungeon
 10202 | D:10     | Noticed a tengu warrior
 10207 | D:10     | Killed a tengu warrior
 10311 | D:10     | Reached *** piety under Hepliaklqana
 10335 | D:10     | Found Neasm's Fire Supplies.
 10338 | D:10     | Noticed a two-headed ogre
 10347 | D:10     | Killed a two-headed ogre
 10449 | D:10     | Found a bloodstained altar of Trog.
 10755 | D:11     | Noticed a cyclops
 10774 | D:11     | Killed a cyclops
 10775 | D:11     | Reached skill level 1 in Invocations
 10775 | D:11     | Noticed an orc knight
 10900 | D:11     | Noticed a two-headed ogre
 10922 | D:11     | Killed a two-headed ogre
 10923 | D:11     | Reached skill level 10 in Fighting
 10953 | D:11     | Reached XP level 12. HP: 87/87 MP: 13/13
 11122 | D:11     | Learned a level 2 spell: Blink
 11126 | D:11     | Learned a level 3 spell: Portal Projectile
 11151 | D:11     | Found a staircase to the Orcish Mines.
 11205 | D:11     | Reached **** piety under Hepliaklqana
 11258 | D:11     | Noticed a two-headed ogre
 11258 | D:11     | Noticed a two-headed ogre
 11262 | D:11     | Killed a two-headed ogre
 11265 | D:11     | Killed a two-headed ogre
 11295 | D:11     | Noticed a two-headed ogre
 11301 | D:11     | Killed a two-headed ogre
 11428 | D:11     | Found a staircase to the Lair.
 11455 | D:11     | Reached skill level 10 in Armour
 11894 | Lair:1   | Entered Level 1 of the Lair of Beasts
 12335 | Lair:1   | Reached skill level 5 in Invocations
 12480 | Lair:1   | Noticed Gastronok
 12498 | Lair:1   | Killed Gastronok
 12749 | Lair:1   | Gained mutation: You can hop long distances. [Barachi
                  | growth]
 12749 | Lair:1   | Reached XP level 13. HP: 92/92 MP: 17/17
 14239 | Lair:2   | Reached ***** piety under Hepliaklqana
 14284 | Lair:2   | Identified the +0 chain mail of the Decaying God {-Tele
                  | rC++ Int+3 Dex+3}
 14495 | Lair:2   | Reached skill level 15 in Ranged Weapons
 14505 | Lair:2   | Found a staircase to the Swamp.
 15268 | Lair:3   | Found a staircase to the Snake Pit.
 15289 | Lair:3   | Reached XP level 14. HP: 101/101 MP: 19/19
 15958 | Lair:4   | Identified the +1 long sword of Outrage {freeze, Dex+4}
 16007 | Lair:4   | Reached skill level 10 in Dodging
 16925 | Lair:4   | Found a viscous altar of Jiyva.
 16925 | Lair:4   | Found a staircase to the Slime Pits.
 17225 | Lair:5   | Entered Level 5 of the Lair of Beasts
 17631 | Lair:5   | Found a sacrificial altar of Ru.
 17709 | Lair:5   | Reached XP level 15. HP: 108/108 MP: 21/21
 17949 | Lair:5   | Identified the +1 falchion of the Depths {flame, rF- Int+6}
 18406 | Orc:1    | Entered Level 1 of the Orcish Mines
 18406 | Orc:1    | Noticed an orc warlord
 18406 | Orc:1    | Noticed an orc warlord
 18410 | Orc:1    | Killed an orc warlord
 18419 | Orc:1    | Killed an orc warlord
 18550 | Orc:2    | Entered Level 2 of the Orcish Mines
 18550 | Orc:2    | Noticed Nessos
 18561 | Orc:2    | Your ally Nessos died
 18573 | Orc:2    | Noticed an orc warlord
 18590 | Orc:2    | Killed an orc warlord
 18650 | Orc:2    | Found a staircase to the Elven Halls.
 18719 | Orc:1    | Found a dark tunnel.
 18729 | Volcano  | Entered a volcano
 18760 | Volcano  | Found a bloodstained altar of Trog.
 19271 | Orc:1    | Found Nasiav's Antique Armour Boutique.
 19581 | Orc:2    | Reached skill level 5 in Stealth
 19723 | Orc:2    | Found Wiluwked's Book Shoppe.
 19723 | Orc:2    | Found Topp's Book Shoppe.
 19725 | Orc:2    | Found Pommeas's Distillery.
 19725 | Orc:2    | Found Sugir's Armour Shop.
 20108 | Orc:2    | Bought 2 potions of invisibility for 160 gold pieces
 20154 | Orc:1    | Bought a jewelled ring mail for 198 gold pieces
 20154 | Orc:1    | Identified the +3 ring mail of the Lily {Fly} (You bought
                  | it in a shop on level 1 of the Orcish Mines)
 20406 | D:4      | Bought a manual of Evocations for 1040 gold pieces
 21286 | D:12     | Reached XP level 16. HP: 47/117 MP: 22/22
 21622 | D:13     | Identified the amulet of Piloby {RegenMP Str+2}
 21685 | D:13     | Found a gate to the Vaults.
 21968 | D:14     | Noticed Rupert
 21978 | D:14     | Killed Rupert
 22014 | D:14     | Found a stormy altar of Qazlal.
 22435 | D:15     | Entered Level 15 of the Dungeon
 22678 | D:15     | Reached skill level 10 in Evocations
 22901 | D:15     | Found a staircase to the Depths.
 23206 | Swamp:1  | Entered Level 1 of the Swamp
 23393 | Swamp:1  | Noticed Jorgrun
 23402 | Swamp:1  | Killed Jorgrun
 24195 | Swamp:2  | Reached XP level 17. HP: 125/125 MP: 23/23
 24514 | Swamp:3  | Noticed Louise
 24524 | Swamp:3  | Noticed Mlioglotl
 24546 | Swamp:3  | Killed Mlioglotl
 24548 | Swamp:3  | Killed Louise
 24629 | Swamp:3  | Reached ****** piety under Hepliaklqana
 25061 | Swamp:4  | Entered Level 4 of the Swamp
 25397 | Swamp:4  | Identified the +1 mace of the Irksome God {flame, rC+}
 25627 | Swamp:4  | Reached skill level 1 in Hexes
 25627 | Swamp:4  | Reached skill level 1 in Translocations
 25668 | Swamp:4  | Reached skill level 1 in Spellcasting
 25931 | Swamp:4  | Got a decaying rune of Zot
 26074 | Snake:1  | Entered Level 1 of the Snake Pit
 26155 | Snake:1  | Found a frozen archway.
 26170 | IceCv    | Entered an ice cave
 26420 | IceCv    | Identified the +8 shortbow of Ad Valorem {freeze, rPois rF-
                  | rCorr Int+8}
 26509 | IceCv    | Noticed an Ice Fiend
 26513 | IceCv    | Killed an Ice Fiend
 26870 | Snake:1  | Reached XP level 18. HP: 132/132 MP: 24/24
 27135 | Snake:1  | Identified 2 scrolls of acquirement
 27136 | Snake:1  | Acquired 1033 gold pieces
 27138 | Snake:1  | Acquired 729 gold pieces
 27434 | D:4      | Bought a manual of Fighting for 1040 gold pieces
 27535 | D:7      | Bought a manual of Invocations for 1120 gold pieces
 27792 | Snake:1  | Reached skill level 15 in Evocations
 28215 | Snake:1  | Reached skill level 15 in Fighting
 28686 | Snake:2  | Reached skill level 5 in Translocations
 28738 | Snake:2  | Reached skill level 5 in Hexes
 29519 | Snake:2  | Identified the +12 long sword of Pain and Death {spect, rF+
                  | Will++ Str+5}
 29522 | Snake:2  | Identified the ring "Qokul" {*Slow +Blink rN++ Str+6 SInv}
 29660 | Snake:3  | Learned a level 2 spell: Passwall
 29933 | Snake:3  | Identified the +0 leather armour "Kohas" {rF- Int+3 SInv}
 30002 | Snake:3  | Reached skill level 1 in Transmutations
 30067 | Snake:3  | Reached skill level 1 in Earth Magic
 30394 | Snake:4  | Entered Level 4 of the Snake Pit
 31002 | Snake:4  | Reached XP level 19. HP: 144/144 MP: 25/25
 31082 | Snake:4  | Got a serpentine rune of Zot
 31197 | Snake:4  | Noticed Kirke
 31205 | Snake:4  | Killed Kirke
 32161 | Orc:2    | Bought 2 potions of heal wounds for 100 gold pieces
 32161 | Orc:2    | Bought a potion of enlightenment for 50 gold pieces
 32190 | Elf:1    | Entered Level 1 of the Elven Halls
 32511 | Elf:1    | Found Ytiene's Assorted Antiques.
 32598 | Elf:1    | Reached skill level 10 in Invocations
 33310 | Elf:1    | Found Qenkice's Jewellery Shop.
 33312 | Elf:1    | Found Ocerr's Book Emporium.
 33314 | Elf:1    | Found Bigeygg's Jewellery Shop.
 33330 | Elf:1    | Bought the ring of Oenomania {rC+ rN+ rCorr Slay+3} for 609
                  | gold pieces
 33483 | Elf:1    | Reached skill level 5 in Transmutations
 33565 | Elf:2    | Found a crumbling gateway.
 33571 | Elf:1    | Paralysed by an air elemental for 1 turns
 33781 | Desolati | Entered the Desolation of Salt
 33902 | Desolati | Got the Octavo of Geometric Electrocution
 33906 | Desolati | Identified the staff of Forgiveness {rElec rC+ Dex+5 Air}
 34266 | Desolati | Identified the +8 great sword "Beetlebane" {speed, rElec
                  | rN+ Str+3 Int-5}
 34387 | Desolati | Identified the ring of Deon {rN+ Str+6 Stlth+}
 34408 | Desolati | Identified the +9 eveningstar of Wyrd {heavy, rCorr}
 34420 | Desolati | Identified the staff "Byijap" {rElec rC+++ rN+ Str-5 Int-5
                  | Necro}
 34461 | Desolati | Found the ring of the Hare {EV+10}
 34464 | Desolati | Identified the +3 shortbow of Sycoab {flame, Will++ Int+3}
 34470 | Desolati | Identified the ring "Haqucsua" {rF+ AC+4}
 34492 | Desolati | Got the Parchment of Position and Malediction
 34496 | Desolati | Reached XP level 20. HP: 154/154 MP: 28/28
 34758 | Elf:2    | Found a runed translucent gate.
 34759 | Elf:2    | Found a runed translucent gate.
 34759 | Elf:2    | Found a runed translucent gate.
 34777 | Elf:2    | Identified the +5 pair of boots "Zehugh" {Rampage Drain
                  | Int+3}
 35044 | Elf:3    | Entered Level 3 of the Elven Halls
 35084 | Elf:3    | Noticed Asterion
 35098 | Elf:3    | Killed Asterion
 35112 | Elf:3    | Paralysed by an air elemental for 1 turns
 35941 | Elf:1    | Bought an amulet of reflection for 540 gold pieces
 36067 | Elf:3    | Noticed a Brimstone Fiend
 36078 | Elf:3    | Identified the +3 hand axe "Tilus" {freeze, rF++}
 36222 | Elf:3    | Identified the +7 glaive "Wugol" {flame, Str+3 Dex+3}
 36327 | Elf:3    | Identified the +7 battleaxe "Latuf" {protect, rF+}
 36547 | Elf:3    | Learned a level 4 spell: Passage of Golubria
 36554 | Elf:3    | Learned a level 6 spell: Dispersal
 36559 | Elf:3    | Learned a level 4 spell: Cause Fear
 36566 | Elf:3    | Got the Collected Works on Glaciation and Resurrection
 36626 | Elf:3    | Identified the +4 sling "Yrumisoz" {heavy, +Blink rC+}
 36639 | Elf:3    | Identified the +8 sling of Causality {flame, rC- rCorr
                  | Int+6 Stlth+}
 36842 | Vaults:1 | Entered Level 1 of the Vaults
 36981 | Vaults:1 | Learned a level 1 spell: Apportation
 37010 | Vaults:1 | Noticed Aizul
 37016 | Vaults:1 | Killed Aizul
 37106 | Vaults:1 | Identified the staff "Pendulum" {rElec rF+ Dex+5 Air}
 37128 | Vaults:1 | Reached skill level 15 in Dodging
 37165 | Vaults:1 | Identified the +11 shortbow of the Nurturing Shrike
                  | {antimagic, rPois rN+ Dex+3}
 37728 | Vaults:1 | Reached XP level 21. HP: 164/164 MP: 31/31
 38394 | Vaults:2 | Identified the +1 mace "Gices" {heavy, rC+ Will+ rCorr}
 39506 | Vaults:3 | Found a staircase to the Crypt.
 39506 | Vaults:3 | Found an ancient bone altar of Kikubaaqudgha.
 39510 | Vaults:3 | Found a basalt altar of Yredelemnul.
 39640 | Vaults:3 | Reached skill level 10 in Translocations
 39641 | Vaults:3 | Reached skill level 10 in Hexes
 39907 | Vaults:3 | Found a runed translucent door.
 39910 | Vaults:3 | Noticed Ehaeru's ghost (veteran MeCj)
 40300 | Vaults:3 | Reached XP level 22. HP: 113/171 MP: 13/32
 40765 | Vaults:3 | Killed Ehaeru's ghost
 40968 | Vaults:4 | Found Gyaneshredy's Assorted Antiques.
 41150 | Vaults:4 | Noticed Saint Roka
 41160 | Vaults:4 | Killed Saint Roka
 41212 | Vaults:4 | Found Buitil's General Store.
 41221 | Vaults:4 | Bought 5 curare-tipped darts for 84 gold pieces
 41280 | Vaults:4 | Found Nyirr's Assorted Antiques.
 41285 | Vaults:4 | Bought a scroll of fog for 88 gold pieces
 42484 | Slime:1  | Entered Level 1 of the Pits of Slime
 42730 | Slime:5  | Entered Level 5 of the Pits of Slime
 43435 | Slime:5  | Noticed the Royal Jelly
 43449 | Slime:5  | Killed the Royal Jelly
 43630 | Slime:5  | Reached XP level 23. HP: 176/176 MP: 33/33
 43678 | Slime:5  | Identified the ring "Jute" {rPois rC+ Int+4}
 43680 | Slime:5  | Identified the +8 dagger of Bodily Harmony {flame, rElec
                  | Will+}
 43685 | Slime:5  | Got a slimy rune of Zot
 43686 | Slime:5  | Identified the +1 war axe of the Grim God {freeze, rElec
                  | Will+ Dex+3}
 43760 | Slime:5  | Identified the +2 hat of Living Knowledge {Int+2}
 43766 | Slime:5  | Got Qonn's Early Guide to Gnosis
 44338 | Elf:1    | Bought a scroll of blinking for 240 gold pieces
 44338 | Elf:1    | Bought a scroll of blinking for 240 gold pieces
 44433 | Orc:2    | Bought a potion of cancellation for 80 gold pieces
 44433 | Orc:2    | Bought a potion of invisibility for 80 gold pieces
 44501 | D:10     | Bought a scroll of immolation for 52 gold pieces
 44568 | Orc:2    | Bought Great Wizards, Vol. VII for 420 gold pieces
 44574 | Orc:2    | Learned a level 5 spell: Yara's Violent Unravelling
 44688 | Depths:1 | Entered Level 1 of the Depths
 44845 | Depths:1 | Found a one-way gate leading to the halls of Pandemonium.
 45046 | Depths:1 | Noticed a juggernaut
 45053 | Depths:1 | Killed a juggernaut
 45079 | Depths:1 | Paralysed by a vampire knight for 5 turns
 45374 | Depths:1 | Identified the ring "Odwyikk" {rElec rF+ rCorr MP+9}
 45379 | Depths:1 | Identified the ring "Anaphe" {Fly rC+ Will+}
 45558 | Depths:1 | Found a gateway to Hell.
 45700 | Depths:1 | Found a hide-covered altar of Uskayaw.
 46677 | Depths:2 | Reached skill level 15 in Translocations
 46691 | Depths:2 | Found an opulent altar of Gozag.
 46712 | Depths:2 | Noticed Nikola
 46727 | Depths:2 | Killed Nikola
 46729 | Depths:2 | Noticed Vv
 46768 | Depths:2 | Killed Vv
 47273 | Depths:2 | You fall into a shaft and drop 1 floor!
 47522 | Depths:2 | Identified the amulet of Day {Faith rC+ rN+}
 47851 | Depths:2 | Noticed a caustic shrike
 47853 | Depths:2 | Noticed a caustic shrike
 47860 | Depths:2 | Killed a caustic shrike
 47862 | Depths:2 | Killed a caustic shrike
 47863 | Depths:2 | Reached XP level 24. HP: 163/183 MP: 33/33
 48831 | Depths:3 | Identified the +0 short sword of Beocw {drain, *Rage rElec
                  | rPois rCorr SInv}
 49091 | Depths:3 | Noticed a juggernaut
 49101 | Depths:3 | Killed a juggernaut
 49333 | Depths:3 | Reached skill level 5 in Spellcasting
 49410 | Depths:3 | Found a one-way gate to the infinite horrors of the Abyss.
 49846 | Depths:3 | Found a runed translucent gate.
 49846 | Depths:3 | Found a runed translucent gate.
 49846 | Depths:3 | Noticed Qemnul's ghost (veteran MfIE)
 49847 | Depths:3 | Found a runed translucent gate.
 50154 | Depths:4 | Entered Level 4 of the Depths
 50228 | Depths:4 | Reached skill level 15 in Invocations
 50369 | Depths:4 | Reached skill level 15 in Armour
 50459 | Depths:4 | Noticed Xtahua
 50468 | Depths:4 | Killed Xtahua
 50483 | Depths:4 | Noticed Parghit
 50493 | Depths:4 | Killed Parghit
 50584 | Depths:4 | Found a radiant altar of Vehumet.
 50858 | Depths:4 | Reached XP level 25. HP: 189/189 MP: 34/34
 50982 | Depths:4 | Identified the +0 leather armour of Valiance {Will+}
 51012 | Depths:4 | Found a gate to the Realm of Zot.
 51247 | Zot:1    | Entered Level 1 of the Realm of Zot
 51581 | Zot:1    | Noticed an orb of fire
 51591 | Zot:1    | Killed an orb of fire
 52674 | Zot:2    | Reached skill level 10 in Transmutations
 53030 | Zot:3    | Found a transporter.
 53030 | Zot:3    | Found a transporter.
 53438 | Zot:3    | Noticed a Killer Klown
 53447 | Zot:3    | Killed a Killer Klown
 54294 | Zot:4    | Reached skill level 10 in Stealth
 54631 | Zot:4    | Reached XP level 26. HP: 183/196 MP: 35/35
 55243 | Zot:5    | Entered Level 5 of the Realm of Zot
 55357 | Zot:5    | Noticed a dread lich
 55366 | Zot:5    | Killed a dread lich
 55489 | Zot:5    | Found a runed translucent door.
 55489 | Zot:5    | Noticed Mikey69's ghost (legendary DsBe)
 55546 | Zot:5    | Noticed an orb of fire
 55550 | Zot:5    | Lost mutation: Your spells are a little harder to cast, but
                  | a little more powerful. [an orb of fire]
 55553 | Zot:5    | Gained mutation: You have hidden genetic defects. [an orb
                  | of fire]
 55567 | Zot:5    | Killed an orb of fire
 55770 | Zot:5    | Noticed a Killer Klown
 55773 | Zot:5    | Noticed a Killer Klown
 55776 | Zot:5    | Noticed an orb of fire
 55777 | Zot:5    | Noticed an orb of fire
 55780 | Zot:5    | Noticed an orb of fire
 55781 | Zot:5    | Killed a Killer Klown
 55786 | Zot:5    | Noticed an orb of fire
 55788 | Zot:5    | Killed an orb of fire
 55789 | Zot:5    | Noticed a Killer Klown
 55790 | Zot:5    | Noticed a Killer Klown
 55795 | Zot:5    | Killed an orb of fire
 55799 | Zot:5    | Killed an orb of fire
 55801 | Zot:5    | Killed an orb of fire
 55801 | Zot:5    | Found the +4 dragonskin cloak
 55801 | Zot:5    | Noticed Tiamat
 55801 | Zot:5    | Gained mutation: You occasionally lose the ability to drink
                  | potions when taking damage. [hidden defects]
 55803 | Zot:5    | Noticed a Killer Klown
 55805 | Zot:5    | Killed a Killer Klown
 55812 | Zot:5    | Killed a Killer Klown
 55831 | Zot:5    | Killed a Killer Klown
 56120 | Zot:5    | Killed Tiamat
 56125 | Zot:5    | Killed a Killer Klown
 56206 | Zot:5    | Noticed a Killer Klown
 56217 | Zot:5    | Killed a Killer Klown
 56237 | Zot:5    | Lost mutation: You are agile. (Dex +4, Str/Int -1) [hidden
                  | defects]
 56237 | Zot:5    | Lost mutation: You have hidden genetic defects. [hidden
                  | defects expressed]
 56238 | Zot:5    | Lost mutation: You occasionally lose the ability to drink
                  | potions when taking damage. [potion of mutation]
 56238 | Zot:5    | Lost mutation: Your muscles are strong. (Str +4, Int/Dex
                  | -1) [potion of mutation]
 56238 | Zot:5    | Gained mutation: Your mind is acute. (Int +4, Str/Dex -1)
                  | [potion of mutation]
 56419 | Zot:5    | Noticed a Killer Klown
 56435 | Zot:5    | Noticed a Killer Klown
 56436 | Zot:5    | Noticed a Killer Klown
 56438 | Zot:5    | Noticed a Killer Klown
 56443 | Zot:5    | Noticed a Killer Klown
 56457 | Zot:4    | Killed a Killer Klown
 56594 | Zot:5    | Killed a Killer Klown
 56609 | Zot:5    | Killed a Killer Klown
 56622 | Zot:5    | Killed a Killer Klown
 56661 | Zot:5    | Killed a Killer Klown
 56950 | Zot:5    | Reached XP level 27. HP: 201/201 MP: 36/36
 57171 | Zot:5    | Got the Orb of Zot
 57827 | D:$      | Escaped with the Orb!

Illustrated notes

Levels and vault maps discovered:
D:1:      wheals_arrival_linesprint, layout_loops_corners, serial_shops,
          nicolae_square_shop, chequers_serial_rivers_room_a, st_stairs_7,
          minmay_3d_cube
D:2:      layout_basic
D:3:      layout_basic, mainiacjoe_overflow_catwalk,
          shapermc_ecumenical_altar_rom_forum, minivault_23
D:4:      layout_basic, doesnt_xom_only_xom, gup_sewer_entry_spiral,
          grunt_decor_fettered, minmay_misc_feat_roman, nicolae_shop_self_help,
          uniq_robin
D:5:      layout_basic, zin_academy, gammafunk_ghost_mausoleum,
          minmay_misc_feat_enclosed, uniq_sigmund, uniq_blork_the_orc
D:6:      corexii_shantytown, layout_gridville, minmay_temple_entry_grid,
          grunt_tough_drop, uniq_eustachio, uniq_maggie
D:7:      lemuel_ratsnest, layout_basic, mainiacjoe_overflow_boulevard,
          kennysheep_diamond, nicolae_shop_vocational
D:8:      layout_loops_corners
D:9:      kennysheep_blocky_hall, layout_rooms, slow_altar_1,
          lemuel_flamethrower_hall
D:10:     layout_rooms, mainiacjoe_overflow_surrounded_room,
          nicolae_shop_fire_sale [nicolae_sub_dead_trees], wad_floor_pattern_2
D:11:     layout_long_grid, dpeg_oklobed_lair, david_orc_5,
          minmay_fractal_squares_diagonal_5
D:12:     layout_rooms
D:13:     layout_long_grid, erik_vaults_1
D:14:     layout_rooms, nicolae_qazlal_scattered_showers, uniq_rupert
D:15:     hangedman_depths_entry_try_elsewhere_first, layout_cave_pools,
          nicolae_kite_square_tiling_tiny, nicolae_underground_beach
Temple:   lightli_temple_of_artemis
Lair:1:   wad_woods_structure_01, layout_long_grid, uniq_gastronok
Lair:2:   layout_chaotic_city, nicolae_swamp_entry_splash_gauntlet
Lair:3:   layout_cave_pods, minmay_snake_entry_six_corridors, grunt_megastairs_4
Lair:4:   layout_cave_pods, dpeg_slime_entry_enclosed, special_room
          [special_room_mythical_zoo], grunt_megastairs_3
Lair:5:   minmay_lair_end_frog_pond, layout_hall_layers, basic_altar,
          lookout_lair_type, st_stairs_9, chequers_serial_rivers_micro_d
Swamp:1:  layout_falls_marsh, hangedman_swamp_cone, hangedman_swamp_diagram,
          swamp_pool3, uniq_jorgrun
Swamp:2:  layout_basic_swamp, evilmike_swamp_ruin_rubble_1, swamp_pool1
Swamp:3:  layout_basic_swamp, nicolae_swamp_tree_isthmus,
          nicolae_swamp_nymph_family_reunion, uniq_louise, uniq_mlioglotl
Swamp:4:  swamp_fiery, layout_basic_swamp
Snake:1:  layout_misc_corridors, portal_ice_cave_entry_frozen_things,
          guppyfry_library_mini, nicolae_integral_box
Snake:2:  layout_cave_pods, nicolae_snake_storage_room, serial_bayou_shore_b,
          nicolae_triple_integral
Snake:3:  layout_basic
Snake:4:  snake_pit, layout_cave_town, grunt_megastairs_1, uniq_kirke
Slime:1:  layout_caves
Slime:2:  layout_caves
Slime:3:  layout_caves
Slime:4:  layout_caves
Slime:5:  slime_pit_nicolae_royal_road_to_ruin
Orc:1:    layout_caves, serial_shops, shop, lightli_volcano_entry_magma_tube,
          mines3_lemuel
Orc:2:    st_orc_elflike, layout_caves, uniq_nessos
Elf:1:    minmay_elf_arrival_circle, layout_gridlike, serial_shops,
          nicolae_shop_overgrown_old_shop, hangedman_elven_crosses_minicolossus,
          minmay_shop_grove
Elf:2:    nicolae_elf_blades_crystal_corner, layout_loops_cross,
          portal_desolation_entry_nicolae_nacl
Elf:3:    elf_hall_gauntlet_narrow, layout_gridlike, serial_corexii_hall,
          corexii_hall_statues_u, chequers_hall_statues_wall_a, st_stairs_7,
          uniq_asterion
Vaults:1: hangedman_vaults_stitches, vaults_room_semicircle,
          nicolae_vaults_ninety_degrees, nicolae_vaults_diffraction_hallways,
          nicolae_vaults_little_squares_4, v_misc_9,
          nicolae_vaults_double_plus_2, vaults_room_grunt_arrival_ludios,
          v_misc_16, nicolae_vaults_storage_closets_2,
          nicolae_vaults_storage_closets_1, ontoclasm_vaults_claustrophobia,
          grunt_vaults_diagonal, v_misc_19, ontoclasm_vaults_idyll,
          nicolae_vaults_double_plus_2, layout_vaults_maze, uniq_aizul
Vaults:2: v_misc_25, nicolae_vaults_closet_pinwheel_2, ontoclasm_vaults_hangar,
          nicolae_vaults_trapezoid_lopsided_3, hangedman_vaults_trim,
          nicolae_vaults_border_crossing, nicolae_vaults_security_offices_1,
          nicolae_vaults_angled_halls, layout_vaults_omnigrid
Vaults:3: hellmonk_ghost_happy_afterlife, minmay_crypt_entry_necro_gods,
          nicolae_vaults_library_corner, hangedman_vaults_river_flow,
          nicolae_vaults_house_2, nicolae_vaults_frosty_reception, v_pattern_4,
          nicolae_vaults_tetromino_L_2, v_misc_30, v_misc_2,
          nicolae_vaults_windows_and_doors_thing, nicolae_vaults_diamond_2,
          layout_vaults_ring
Vaults:4: nicolae_vaults_security_offices_4, v_misc_30, vaults_room_pool,
          ontoclasm_vaults_pinch, nicolae_vaults_little_squares_2, v_misc_2,
          nicolae_vaults_more_shelving_2, ontoclasm_vaults_gateway,
          nicolae_vaults_specimen_jars, v_rooms_3,
          vaults_standard_mumra_enter_the_diamond, vaults_room_fancy_cross,
          hangedman_vaults_stagger, nicolae_vaults_octothorpe,
          vaults_dpeg_hooks, v_alt_pattern_1, layout_vaults_omnicross,
          serial_shops, shop, nicolae_shop_advertising_works
          [nicolae_subvault_shop_adworks], nicolae_lakefront_shop,
          uniq_saint_roka
Depths:1: nicolae_herringbone, layout_gridlike, enter_ziggurat_a,
          hangedman_abyss_or_decor_stagger, rand_demon_pan_entry_3, hell_entry,
          st_stairs_10, grunt_decor_mini_mirrors, nrook_campfire,
          nicolae_uskayaw_murder_on_the_dancefloor
Depths:2: cell_vault, layout_cave_shapes, grunt_metal_band,
          rand_demon_pan_entry_5, grunt_gozag_statues,
          infiniplex_staircase_trident, uniq_nikola, uniq_vv
Depths:3: nzn_winding_woodlands_small [nzn_winding_woodlands_5x15_eye,
          nzn_winding_woodlands_center_pierced_h,
          nzn_winding_woodlands_5x15_concentric], layout_gridlike,
          chequers_decorated_corner, hell_entry,
          nicolae_abyss_entry_one_way_or_another, gammafunk_ghost_ooze,
          rand_demon_pan_entry_9, kennysheep_flooded_box,
          infiniplex_staircase_zigzag_4, serial_bayou_shore_b
Depths:4: grunt_zot_entry_gee_three, layout_small_grid, vehumet_crystals,
          hell_entry, serial_bayou_shore_b, uniq_parghit, uniq_xtahua
Zot:1:    layout_twisted_circle
Zot:2:    layout_cellular_growth
Zot:3:    gammafunk_sealed_arena, layout_basic, grunt_ministairs_2,
          hangedman_zot_decor_unnerving_road
Zot:4:    layout_gridlike, lemuel_elevator
Zot:5:    layout_concentric_octagons, gammafunk_ghost_grave, st_stairs_6,
          uniq_tiamat

Skill      XL: |  1  2  3  4  5  6  7  8  9 10 11 12 13 14 15 16 17 18 19 20 21 22 23 24 25 26 27 |
---------------+----------------------------------------------------------------------------------+-----
Stealth        | 1 2 3 5 6 8 10 12 13 | 13.3
Ranged Weapons | 2 3 4 5 7 10 11 12 14 15 17 18 20 | 20.0
Fighting       | 3 4 6 8 10 11 12 13 14 17 18 20 | 20.0
Evocations     | 1 2 4 5 6 8 11 14 16 17 19 20 | 20.0
Dodging        | 4 5 6 7 9 10 11 12 15 17 19 20 | 20.0
Armour         | 4 6 8 10 11 13 14 15 16 18 | 18.0
Invocations    | 2 5 7 8 9 11 14 15 17 19 20 | 20.0
Hexes          | 3 7 9 10 11 12 | 12.0
Translocations | 3 7 9 10 11 16 18 | 18.0
Spellcasting   | 2 3 6 |  6.0
Transmutations | 3 6 7 9 11 12 | 12.0
Earth Magic    | 2 3 4 |  4.0
Unarmed Combat | |  2.4
Shapeshifting  | |  3.2

Action                     |  1- 3 |  4- 6 |  7- 9 | 10-12 | 13-15 | 16-18 | 19-21 | 22-24 | 25-27 || total
---------------------------+-------+-------+-------+-------+-------+-------+-------+-------+-------++-------
  Melee: Unarmed           |    48 |       |       |       |       |       |       |       |       ||    48
   Fire: Orcbow            |    38 |   165 |   326 |   310 |       |       |       |       |       ||   839
         Shortbow          |       |       |       |   394 |   963 |     2 |     6 |       |       ||  1365
         Longbow           |       |       |       |       |   252 |  1347 |  1233 |  1305 |   793 ||  4930
         Arbalest          |       |       |       |       |    92 |       |       |       |       ||    92
  Throw: Stone             |     4 |       |       |       |       |       |       |       |       ||     4
         Dart              |     1 |     2 |     1 |     2 |     6 |    10 |    12 |     3 |    20 ||    57
         Throwing net      |       |       |       |       |       |       |       |     1 |       ||     1
   Cast: Portal Projectile |       |       |       |       |       |       |     8 |     2 |    11 ||    21
         Passage of Golubr |       |       |       |       |       |       |       |     3 |       ||     3
         Apportation       |       |       |       |       |       |       |       |     2 |       ||     2
         Passwall          |       |       |       |       |       |       |       |       |     5 ||     5
         Yara's Violent Un |       |       |       |       |       |       |       |       |     1 ||     1
 Invoke: Ancestor Identity |       |       |       |     1 |       |       |       |       |       ||     1
         Recall Ancestor   |       |       |       |     3 |     4 |     4 |     2 |     4 |     9 ||    26
         Ancestor Life: He |       |       |       |     1 |       |       |       |       |       ||     1
         Idealise          |       |       |       |     1 |       |     2 |     7 |     9 |    14 ||    33
         Transference      |       |       |       |       |     2 |       |       |     1 |       ||     3
Ability: Hop               |     1 |     3 |     7 |     7 |     7 |    12 |     9 |    11 |     8 ||    65
         Begin Untransform |     1 |       |     1 |       |       |       |       |       |       ||     2
  Evoke: Wand              |       |       |    12 |    18 |     6 |     8 |     5 |     6 |    14 ||    69
         Phantom mirror    |       |       |       |     1 |     1 |     2 |       |     2 |     1 ||     7
         Lightning rod     |       |       |       |       |     9 |    16 |     9 |    12 |     4 ||    50
         Phial of floods   |       |       |       |       |       |       |     2 |       |       ||     2
    Use: Potion            |     1 |     1 |     2 |       |     2 |     7 |     5 |     8 |     9 ||    35
         Scroll            |       |    13 |     3 |    14 |     9 |     7 |    10 |     9 |     4 ||    69
 Armour: Animal skin       |     6 |       |       |       |       |       |       |       |       ||     6
         Skin              |    41 |       |       |       |       |       |       |       |       ||    41
         Leather armour    |       |     3 |    19 |       |       |       |    35 |    51 |    60 ||   168
         Acid dragon scale |       |       |    32 |    56 |    89 |    22 |       |       |       ||   199
         Swamp dragon scal |       |       |       |       |       |   114 |    25 |       |       ||   139
  Dodge: Dodged            |    32 |    19 |    90 |   128 |   202 |   344 |   250 |   403 |   253 ||  1721
  Block: Other             |       |       |       |       |       |       |    18 |    64 |     2 ||    84
         Reflection        |       |       |       |       |       |       |     6 |     6 |       ||    12
   Form: Beast             |     1 |       |       |       |       |       |       |       |       ||     1

Table legend: (Time is in decaauts)
 A = Elapsed time spent in this place.
 B = Non-inter-level travel time spent in this place.
 C = Inter-level travel time spent in this place.
 D = Time resting spent in this place.
 E = Time spent auto-exploring this place.
 F = Levels seen in this place.
 G = Mean time per level.
                   A        B        C        D        E       F      G
               +--------+--------+--------+--------+--------+-----+--------+
         Total |  64979 |  54157 |  10822 |   6107 |  25929 |  56 | 1160.3 |
       Dungeon |  18753 |  14140 |   4613 |   1267 |   6318 |  15 | 1250.2 |
        Temple |     24 |     16 |      8 |      0 |      0 |   1 |   24.0 |
          Lair |   7932 |   6155 |   1777 |    340 |   3621 |   5 | 1586.4 |
         Swamp |   3134 |   2760 |    374 |    342 |   1420 |   4 |  783.5 |
     Snake Pit |   5391 |   4924 |    467 |    333 |   3170 |   4 | 1347.8 |
    Slime Pits |   1881 |   1469 |    412 |    252 |    202 |   5 |  376.2 |
  Orcish Mines |   2071 |   1533 |    538 |    200 |    793 |   2 | 1035.5 |
   Elven Halls |   4128 |   3526 |    602 |    494 |   1900 |   3 | 1376.0 |
        Vaults |   6226 |   5687 |    539 |    319 |   4163 |   4 | 1556.5 |
        Depths |   6561 |   5830 |    731 |    896 |   2213 |   4 | 1640.2 |
           Zot |   6767 |   6010 |    757 |   1311 |   1946 |   5 | 1353.4 |
         Sewer |    358 |    358 |      0 |      0 |     34 |   1 |  358.0 |
      Ice Cave |    597 |    597 |      0 |    183 |      0 |   1 |  597.0 |
       Volcano |    230 |    230 |      0 |     24 |     32 |   1 |  230.0 |
    Desolation |    918 |    918 |      0 |    144 |    113 |   1 |  918.0 |
               +--------+--------+--------+--------+--------+-----+--------+

Top non-repeatable levels by time:
  Lair:1: 2289 daAuts
Depths:2: 2062 daAuts
Depths:3: 1818 daAuts
   Elf:1: 1801 daAuts
    D:11: 1791 daAuts
   Zot:5: 1787 daAuts
     D:4: 1745 daAuts
     D:5: 1723 daAuts
 Snake:4: 1719 daAuts
   Elf:3: 1691 daAuts
     D:6: 1677 daAuts
Vaults:3: 1668 daAuts
  Lair:4: 1631 daAuts
     D:8: 1604 daAuts
Vaults:4: 1529 daAuts
